 Dungeon Crawl Stone Soup version 0.18-a0-1774-gce1f7b6 (webtiles) character file.

15397 Moloch the Grappler (level 12, -23/105 HPs)
             Began as a Ghoul Fighter on Apr 15, 2016.
             Was a High Priest of Qazlal.
             Annihilated by an orc warrior
             ... wielding a +0 mace
             ... led by an orc high priest
              (29 damage)
             ... on level 11 of the Dungeon.
             The game lasted 00:26:42 (9076 turns).

Moloch the Grappler (Ghoul Fighter)                 Turns: 9076, Time: 00:26:43

Health: -23/105    AC: 16    Str: 23 (24) XL:     12   Next: 26%
Magic:  11/11      EV:  9    Int:  3      God:    Qazlal [*****.]
Gold:   666        SH: 17    Dex: 12      Spells: 1 memorised, 8 levels left

rFire  + + +     SeeInvis .       - Unarmed
rCold  + . .     Gourm    .     t - +3 ring mail {rF+}
rNeg   + + +     Faith    .     b - +0 shield
rPois  ∞         Spirit   .     F - +0 helmet
rElec  .         Dismiss  .     n - +0 cloak
rCorr  .         Reflect  .     (no gloves)
SustAt .         Harm     .     u - +0 pair of boots
MR     .....                    J - amulet of Puinn {+Rage rF+ Dex+3}
Stlth  ..........               x - ring of loudness (curse)
                                e - ring of protection from fire

@: protected from physical damage, rotting, repel missiles, not resistant to
hostile enchantments, extremely unstealthy
A: rotting body, claws 1, carnivore 3, cold resistance 1, negative energy
resistance 3, slow regeneration 1, torment resistance, unbreathing
a: Upheaval, Elemental Force, Disaster Area, Renounce Religion


You were on level 11 of the Dungeon.
You worshipped Qazlal.
Qazlal was extremely pleased with you.
You were not hungry.

You visited 2 branches of the dungeon, and saw 12 of its levels.

You collected 846 gold pieces.
You spent 180 gold pieces at shops.

Inventory:

Armour
 b - a +0 shield (worn)
 n - a +0 cloak (worn)
 t - a +3 ring mail of fire resistance (worn)
 u - a +0 pair of boots (worn)
 F - a +0 helmet (worn)
 M - a troll hide
Jewellery
 e - a ring of protection from fire (left claw)
 x - a cursed ring of loudness (right claw)
 J - the amulet of Puinn (around neck) {+Rage rF+ Dex+3}
   (You found it on level 9 of the Dungeon)

   [amulet of rage]

   It affects your dexterity (+3).
   It protects you from fire.
   It lets you go berserk.
Wands
 s - a wand of lightning (3/15)
 y - a wand of lightning (9/15)
 A - a wand of teleportation (0/9)
 C - a wand of polymorph (6/24)
 N - a wand of iceblast (2/15)
 O - a wand of teleportation (4/9)
Scrolls
 a - 6 scrolls of remove curse {unknown}
 i - 3 scrolls of amnesia {unknown}
 j - 4 scrolls of teleportation {unknown}
 k - 5 scrolls of magic mapping {unknown}
 r - a scroll of noise {unknown}
 v - 2 scrolls of immolation {unknown}
 D - 2 scrolls of random uselessness {unknown}
 E - 4 scrolls of identify
 G - 3 scrolls of enchant weapon {unknown}
 L - 2 scrolls of recharging {unknown}
 Q - a scroll of torment {unknown}
Potions
 c - a potion of might
 f - 6 potions of mutation {unknown}
 h - 10 potions of curing {unknown}
 l - a potion of experience {unknown}
 m - 2 potions of haste
 p - a potion of resistance
 q - a potion of ambrosia {unknown}
 w - 2 potions of heal wounds
 z - 2 potions of cancellation {unknown}
 B - a potion of brilliance
 I - 3 potions of agility {unknown}
Books
 K - a book of the Tempests

   Spells                             Type                      Level
   a - Static Discharge               Conjuration/Air              3
   b - Lightning Bolt                 Conjuration/Air              5
   c - Fireball                       Conjuration/Fire             5
   d - Tornado                        Air                          9
   e - Shatter                        Earth                        9
Miscellaneous
 P - a phantom mirror
Comestibles
 d - 15 meat rations
 g - 6 beef jerkies
 o - 8 slices of pizza
 H - a royal jelly
 R - 4 chunks of flesh


   Skills:
 * Level 9.5 Fighting
 * Level 6.4 Armour
 * Level 8.7 Shields
 + Level 14.9 Unarmed Combat


You had 8 spell levels left.
You knew the following spells:

 Your Spells              Type           Power        Failure   Level  Hunger
a - Regeneration          Chrm/Necr      #.........   100%        3    ####...


Dungeon Overview and Level Annotations

Branches:
Dungeon (11/15)            Temple (0/1) D:6            Lair (0/8) D:8
    Orc (1/2) D:11

Altars:
Ashenzari
Cheibriados
Fedhas
Okawaru
Pakellas
Qazlal
Trog
Xom
Yredelemnul
The Shining One

Shops:
D:7 %   D:11 (

Portals:
Trove: D:11 (give +6 demon trident)


Innate Abilities, Weirdness & Mutations

Your body is rotting away.
You thrive on raw meat.
You are immune to poison.
You have sharp fingernails.
You are carnivorous and can eat meat at any time.
Your flesh is cold resistant.
You are immune to negative energy.
You regenerate slowly when monsters are visible.
You are immune to unholy pain and torment.
You can survive without breathing.


Message History

You continue eating.
You block the orc warrior's attack.
Unknown command.
Unknown command.
Eat one of 6 chunks of flesh? (ye/n/q/i?) This raw flesh tastes great!
You block the orc warrior's attack.
You continue eating. x2
The orc warrior hits you with a mace!
* * * LOW HITPOINT WARNING * * *
You feel more protected from physical attacks.
Unknown command.
Unknown command.
Eat one of 5 chunks of flesh? (ye/n/q/i?) This raw flesh tastes great!
You block the orc warrior's attack.
You continue eating.
The orc warrior hits you with a mace.
* * * LOW HITPOINT WARNING * * *
You continue eating.
The orc warrior hits you with a mace!!
You die...

..............#####....# #..#.#
.................##....# #..#.#
###.##################.#####'##..
###.#.....<..........#.##........
.§..#.......##..........#.#§....#
....#.###...............'.#..#..#
....#.........§...§.....#.§...(.#
#####.[)......§.)§§...###........
#####<([#'#...∩.@§.......####'#..
....#.#.'......o.[.......#....#..
..§.#.#.#......§§........#....#..
.##+#...#................#..§.'.#
.'...####..#.....#.##....######..
.#.#.#.....#.....#.##...........(
.#.#.#.....#.....#.##..........(#
.#...#####'##.####.............(.
##...#.#....#.######§..#######.(.


You could see an orc warrior.

Vanquished Creatures
  An orc high priest (Orc:1)
  Urug (D:10)
  Sonja (D:11)
  A hill giant (D:10)
  4 orc knights
  2 orc sorcerers (Orc:1)
  A cyclops (D:11)
  Maurice (D:11)
  Psyche (D:10)
  A gargoyle (D:7)
  2 trolls
  The ghost of Chiseanne the Skirmisher, an amateur DsMo (D:4)
  A two-headed ogre (D:9)
  A shadow (D:11)
  A wyvern (D:8)
  A yak (D:7)
  A wraith (D:11)
  Eustachio (D:5)
  A human (D:7)
  A hippogriff (D:9)
  5 wargs
  A water moccasin (D:9)
  Duvessa (D:4)
  15 orc warriors
  An eye of draining (D:11)
  A phantom (D:10)
  4 sky beasts
  A black bear (D:9)
  A necrophage (D:10)
  7 ogres
  2 centaurs
  A big kobold (D:10)
  2 giant frogs (D:10)
  2 wyvern skeletons
  Dowan (D:4)
  3 scorpions
  24 killer bees
  6 howler monkeys
  4 crimson imps
  A centaur zombie (D:7)
  3 giant frog zombies
  4 hounds
  12 orc priests
  2 centaur skeletons
  2 giant frog skeletons
  5 iguanas
  16 orc wizards
  7 worker ants
  A killer bee zombie (D:9)
  7 sheep
  A hound skeleton (D:5)
  2 howler monkey zombies
  A worker ant zombie (D:9)
  4 gnolls (D:4)
  20 adders
  3 shadow imps
  An adder skeleton (D:8)
  9 worms
  3 dart slugs
  4 giant geckos
  61 orcs
  A ball python (D:1)
  5 bats
  4 giant cockroaches
  9 goblins
  10 hobgoblins
  13 jackals
  2 quokkas
  4 giant newts
  4 kobolds
  7 rats
  4 fungi (D:7)
339 creatures vanquished.

Vanquished Creatures (others)
  An orc wizard (D:10)
  An orc (D:10)
2 creatures vanquished.

Grand Total: 341 creatures vanquished

Notes
Turn   | Place    | Note
--------------------------------------------------------------
     0 | D:1      | Moloch the Ghoul Fighter began the quest for the Orb.
     0 | D:1      | Reached XP level 1. HP: 19/19 MP: 0/0
   106 | D:1      | Reached skill level 3 in Unarmed Combat
   106 | D:1      | Reached XP level 2. HP: 10/26 MP: 1/1
   408 | D:1      | Reached XP level 3. HP: 31/31 MP: 2/2
   529 | D:1      | Reached skill level 4 in Unarmed Combat
   897 | D:2      | Reached XP level 4. HP: 38/38 MP: 3/3
  1256 | D:2      | Reached skill level 5 in Unarmed Combat
  1455 | D:2      | Reached XP level 5. HP: 40/45 MP: 4/4
  1780 | D:3      | Reached skill level 6 in Unarmed Combat
  1859 | D:3      | Found an oddly glowing altar of Pakellas.
  1884 | D:3      | Found a stormy altar of Qazlal.
  1941 | D:3      | Became a worshipper of Qazlal Stormbringer
  2159 | D:4      | Reached XP level 6. HP: 38/51 MP: 5/5
  2221 | D:4      | Reached skill level 7 in Unarmed Combat
  2288 | D:4      | Reached skill level 8 in Unarmed Combat
  2288 | D:4      | Reached XP level 7. HP: 35/57 MP: 6/6
  2307 | D:4      | Noticed Dowan
  2308 | D:4      | Noticed Duvessa
  2323 | D:4      | Killed Dowan
  2369 | D:4      | Killed Duvessa
  2636 | D:4      | Noticed Chiseanne's ghost (amateur DsMo)
  2678 | D:4      | Killed Chiseanne's ghost
  2678 | D:4      | Reached skill level 9 in Unarmed Combat
  2689 | D:4      | Found a bloodstained altar of Trog.
  2915 | D:4      | Found a shattered altar of Ashenzari.
  2929 | D:4      | Found a blossoming altar of Fedhas.
  2977 | D:4      | Found a glowing golden altar of the Shining One.
  2990 | D:4      | Reached XP level 8. HP: 62/62 MP: 7/7
  3175 | D:4      | Reached skill level 10 in Unarmed Combat
  3409 | D:5      | Entered Level 5 of the Dungeon
  3502 | D:5      | Reached * piety under Qazlal
  3608 | D:5      | Found a basalt altar of Yredelemnul.
  3673 | D:5      | Reached skill level 11 in Unarmed Combat
  3725 | D:5      | Noticed Eustachio
  3743 | D:5      | Killed Eustachio
  4001 | D:6      | Found a staircase to the Ecumenical Temple.
  4046 | D:6      | Reached skill level 12 in Unarmed Combat
  4143 | D:6      | Reached XP level 9. HP: 65/70 MP: 8/8
  4709 | D:7      | Reached ** piety under Qazlal
  4908 | D:7      | Noticed a gargoyle
  4919 | D:7      | Killed a gargoyle
  4919 | D:7      | Reached skill level 13 in Unarmed Combat
  4925 | D:7      | Found Toosuser's Food Boutique.
  4932 | D:7      | Bought a meat ration for 50 gold pieces
  4932 | D:7      | Bought a beef jerky for 15 gold pieces
  4932 | D:7      | Bought a meat ration for 50 gold pieces
  4932 | D:7      | Bought a beef jerky for 15 gold pieces
  4932 | D:7      | Bought a meat ration for 50 gold pieces
  5013 | D:7      | Reached skill level 5 in Fighting
  5343 | D:8      | Reached XP level 10. HP: 47/83 MP: 9/9
  5497 | D:8      | Learned a level 3 spell: Regeneration
  5602 | D:8      | Reached *** piety under Qazlal
  5645 | D:8      | Found a snail-covered altar of Cheibriados.
  5803 | D:8      | Found a staircase to the Lair.
  5975 | D:8      | Reached skill level 14 in Unarmed Combat
  6253 | D:9      | Got a scintillating bronze amulet
  6254 | D:9      | Identified the amulet of Puinn {+Rage rF+ Dex+3} (You found it on level 9 of the Dungeon)
  6262 | D:9      | Found a shimmering altar of Xom.
  6546 | D:9      | Reached **** piety under Qazlal
  6889 | D:10     | Entered Level 10 of the Dungeon
  6893 | D:10     | Noticed a hill giant
  6907 | D:10     | Killed a hill giant
  6910 | D:10     | Reached skill level 5 in Shields
  6969 | D:10     | Reached XP level 11. HP: 75/94 MP: 10/10
  6970 | D:10     | Noticed Psyche
  6984 | D:10     | Killed Psyche
  7046 | D:10     | Noticed Maurice
  7405 | D:11     | Killed Maurice
  7421 | D:11     | Noticed Sonja
  7429 | D:11     | Killed Sonja
  7429 | D:11     | Reached skill level 5 in Armour
  7487 | D:11     | Noticed a cyclops
  7495 | D:11     | Killed a cyclops
  7555 | D:11     | Found a staircase to the Orcish Mines.
  7557 | D:11     | Found Nagh's Weapon Boutique.
  7614 | D:10     | Noticed Urug
  7638 | D:10     | Killed Urug
  7697 | D:10     | Found a shattered altar of Ashenzari.
  7706 | D:10     | Saw a vision of the Shoals and the Spider Nest.
  7706 | D:10     | Noticed a sea snake
  7915 | D:11     | Reached ***** piety under Qazlal
  7949 | D:11     | Found an iron altar of Okawaru.
  8025 | D:11     | Found a portal to a secret trove of treasure.
  8676 | Orc:1    | Entered Level 1 of the Orcish Mines
  8730 | Orc:1    | Noticed an orc sorcerer
  8738 | Orc:1    | Noticed a sun demon
  8742 | Orc:1    | Killed an orc sorcerer
  8754 | Orc:1    | Noticed an orc sorcerer
  8760 | Orc:1    | Noticed a sixfirhy
  8761 | Orc:1    | Killed an orc sorcerer
  8811 | Orc:1    | Noticed an orc knight
  8824 | Orc:1    | Noticed an orc high priest
  8824 | Orc:1    | Noticed an orc knight
  8825 | Orc:1    | Killed an orc knight
  8825 | Orc:1    | Reached XP level 12. HP: 104/104 MP: 11/11
  8830 | Orc:1    | Noticed a soul eater
  8831 | Orc:1    | Killed an orc high priest
  8990 | Orc:1    | Noticed an orc high priest
  9063 | Orc:1    | HP: 2/105 [orc knight/bolt of penetration (24)]
  9073 | D:11     | HP: 3/105 [orc warrior/mace[an orc high priest] (15)]
  9076 | D:11     | Annihilated by an orc warrior

Vault maps used:
D:1:      roderic_crossed_star, supply_closet_lemuel
D:2:      minmay_misc_feat_iff
D:3:      lemuel_crystal_altar, grunt_pakellas_salt, kennysheep_pointless_box
D:4:      tso_metal_star, lemuel_doored_altar, overflow_temple_1_default,
          overflow_temple_1_default, uniq_duvessa
D:5:      overflow_temple_1_default, first_bread, uniq_eustachio
D:6:      minmay_temple_entry_mist
D:7:      serial_shops, nicolae_shop_trees, grunt_livestock,
          minmay_gold_behind_fungi
D:8:      kennysheep_little_box, erik_lair_orcish_takeover
D:9:      basic_altar
D:10:     grunt_ashenzari_visionary, uniq_maurice, uniq_psyche, uniq_urug
D:11:     orc_david_3, basic_altar, enter_trove_3, uniq_sonja
Orc:1:    guppyfry_orc_lava_fort

Skill      XL: |  1  2  3  4  5  6  7  8  9 10 11 |
---------------+----------------------------------+-----
Unarmed Combat | 3 4 5 6 8 9 12 13 14 | 14.9
Fighting       | 5 8 9 |  9.5
Shields        | 5 8 |  8.7
Armour         | 4 6 |  6.4

Action                   |  1- 3 |  4- 6 |  7- 9 | 10-12 || total
-------------------------+-------+-------+-------+-------++-------
Melee: Unarmed           |   166 |   217 |   408 |   474 ||  1265
Evoke: Wand              |       |       |       |     2 ||     2
  Use: Scroll            |       |       |     4 |       ||     4
  Eat: Chunk             |    13 |    31 |    40 |    93 ||   177
Armor: Plate armour      |   107 |   108 |     9 |       ||   224
       Scale mail        |     1 |       |       |       ||     1
       Ring mail         |       |       |   158 |   138 ||   296
Dodge: Dodged            |    28 |    23 |   102 |   124 ||   277
       Deflected         |       |       |       |    11 ||    11
Block: Shield            |    66 |    81 |   199 |   392 ||   738
